[Event "26th Abu Dhabi Master 2019"]
[Site "Abu Dhabi"]
[Date "2019.08.03"]
[Round "3.60"]
[White "Haase, Pavel"]
[Black "Bhambure, Shantanu"]
[Result "0-1"]
[ECO "A02"]
[WhiteElo "2160"]
[BlackElo "2275"]
[Annotator "NA"]
[PlyCount "96"]
[EventDate "2019.08.02"]
[EventType "swiss"]
[EventCountry "UAE"]
[SourceTitle "playchess.com"]
[Source "ChessBase"]
[SourceQuality "1"]
[TimeControl "5400+30"]

1. f4 Nf6 2. Nf3 d5 3. e3 g6 4. b3 Bg7 5. Bb2 O-O 6. Be2 c5 7. O-O d4 8. exd4 Nd5 9. c3 Nxf4 10. dxc5 e5 11. Na3 Nc6 12. Nc4 e4 13. Ne1 Qg5 14. Kh1 Be6 15. Nd6 Bd5 16. Bc4 Bxc4 17. Nxc4 Ne6 18. b4 Qd5 19. d3 Rad8 20. Nd6 Nxb4 21. cxb4 Bxb2 22. Rb1 Be5 23. Nxe4 f5 24. Nd2 Qxa2 25. Nc4 Bg7 26. Nc2 Rd7 27. Qe2 Nf4 28. Rxf4 Qxb1+ 29. Rf1 Qb3 30. d4 Kh8 31. Rf3 Qb1+ 32. Rf1 Qb3 33. Rf3 Qa2 34. Nd6 Bf6 35. Re3 Qb1+ 36. Ne1 Rg7 37. Re8 Rgg8 38. Rxf8 Rxf8 39. g3 Qxb4 40. Nc2 Qb3 41. Nc4 Rd8 42. Kg2 Qb5 43. Kf2 Qc6 44. Nd6 Qd7 45. Qc4 Kg7 46. Ne3 b6 47. Nd5 Qe6 48. Ne3 Qxc4 0-1

[Event "26th Abu Dhabi Master 2019"]
[Site "Abu Dhabi"]
[Date "2019.08.03"]
[Round "3.61"]
[White "Gomes, Mary Ann"]
[Black "Panda Sambit"]
[Result "0-1"]
[ECO "A09"]
[WhiteElo "2303"]
[BlackElo "2126"]
[Annotator "NA"]
[PlyCount "64"]
[EventDate "2019.08.02"]
[EventType "swiss"]
[EventCountry "UAE"]
[SourceTitle "playchess.com"]
[Source "ChessBase"]
[SourceQuality "1"]
[TimeControl "5400+30"]

1. Nf3 d5 2. c4 d4 3. g3 Nc6 4. Bg2 e5 5. d3 Bb4+ 6. Bd2 a5 7. O-O Nf6 8. Bg5 O-O 9. Nbd2 h6 10. Bxf6 Qxf6 11. a3 Be7 12. e3 dxe3 13. fxe3 Qg6 14. Qe2 Bg4 15. Ne4 f5 16. Nf2 Bh5 17. Qd2 Bc5 18. Nh4 Qg5 19. Bd5+ Kh8 20. Ng2 a4 21. Qc3 Nd4 22. Nf4 exf4 23. exd4 fxg3 24. dxc5 gxf2+ 25. Kh1 Qe3 26. d4 f4 27. c6 bxc6 28. Bg2 Be2 29. Rfc1 Rab8 30. Rc2 Bd3 31. Rf1 Bxf1 32. Bxf1 Qe4+ 0-1

[Event "26th Abu Dhabi Master 2019"]
[Site "Abu Dhabi"]
[Date "2019.08.03"]
[Round "3.62"]
[White "Tashkhodzhaev, Akram"]
[Black "Srija, Seshadri"]
[Result "1-0"]
[ECO "C68"]
[WhiteElo "2123"]
[BlackElo "2306"]
[Annotator "NA"]
[PlyCount "77"]
[EventDate "2019.08.02"]
[EventType "swiss"]
[EventCountry "UAE"]
[SourceTitle "playchess.com"]
[Source "ChessBase"]
[SourceQuality "1"]
[TimeControl "5400+30"]

1. e4 e5 2. Nf3 Nc6 3. Bb5 a6 4. Bxc6 dxc6 5. O-O Qf6 6. d4 exd4 7. Qxd4 Qxd4 8. Nxd4 c5 9. Ne2 Bd7 10. Bf4 O-O-O 11. Nbc3 Nf6 12. f3 Bc6 13. Rad1 Re8 14. Kf2 h6 15. g4 g5 16. Be3 Nd7 17. Rh1 Ne5 18. h4 f5 19. hxg5 fxe4 20. Nxe4 Nxg4+ 21. fxg4 Bxe4 22. Rh3 Bd6 23. Rxd6 cxd6 24. gxh6 Rhf8+ 25. Nf4 Bxc2 26. g5 Re7 27. Rg3 Bg6 28. Kg2 Rg8 29. Nxg6 Rxg6 30. Kf3 Rh7 31. Rh3 d5 32. Kg4 d4 33. Bf4 Kd7 34. Kf5 Rg8 35. g6 Re7 36. h7 Rf8+ 37. Kg5 Re1 38. g7 Rg1+ 39. Rg3 1-0

[Event "26th Abu Dhabi Master 2019"]
[Site "Abu Dhabi"]
[Date "2019.08.03"]
[Round "3.63"]
[White "Panesar Vedant"]
[Black "Aaryan Varshney"]
[Result "1/2-1/2"]
[ECO "A05"]
[WhiteElo "2092"]
[BlackElo "2284"]
[Annotator "NA"]
[PlyCount "47"]
[EventDate "2019.08.02"]
[EventType "swiss"]
[EventCountry "UAE"]
[SourceTitle "playchess.com"]
[Source "ChessBase"]
[SourceQuality "1"]
[TimeControl "5400+30"]

1. Nf3 Nf6 2. c4 e6 3. g3 d5 4. Bg2 Be7 5. d4 O-O 6. O-O c6 7. Qc2 b6 8. Rd1 Nbd7 9. b3 Bb7 10. Nc3 Rc8 11. e4 c5 12. exd5 exd5 13. Bf4 a6 14. Nxd5 Bxd5 15. cxd5 Nxd5 16. Qd2 cxd4 17. Qxd4 N7f6 18. Be5 Bc5 19. Qd3 Qe7 20. Qxa6 Nb4 21. Qf1 Ne4 22. Bd4 Bxd4 23. Nxd4 Nc3 24. Rd2 1/2-1/2

[Event "26th Abu Dhabi Master 2019"]
[Site "Abu Dhabi"]
[Date "2019.08.03"]
[Round "3.64"]
[White "Nitish Belurkar"]
[Black "Srihari L"]
[Result "1-0"]
[ECO "B90"]
[WhiteElo "2302"]
[BlackElo "2101"]
[Annotator "NA"]
[PlyCount "43"]
[EventDate "2019.08.02"]
[EventType "swiss"]
[EventCountry "UAE"]
[SourceTitle "playchess.com"]
[Source "ChessBase"]
[SourceQuality "1"]
[TimeControl "5400+30"]

1. e4 c5 2. Nf3 d6 3. d4 cxd4 4. Nxd4 Nf6 5. Nc3 a6 6. Be3 e6 7. Be2 Be7 8. O-O O-O 9. f4 Qc7 10. g4 Nc6 11. g5 Nd7 12. f5 Nxd4 13. Qxd4 Re8 14. fxe6 fxe6 15. Bh5 g6 16. Nd5 exd5 17. Qxd5+ Kh8 18. Qf7 Qd8 19. Bxg6 hxg6 20. Qxg6 Bxg5 21. Rf7 Bxe3+ 22. Kh1 1-0

[Event "26th Abu Dhabi Master 2019"]
[Site "Abu Dhabi"]
[Date "2019.08.03"]
[Round "3.65"]
[White "Pujari, Rucha"]
[Black "Raja Rithvik R"]
[Result "1/2-1/2"]
[ECO "D38"]
[WhiteElo "2268"]
[BlackElo "2357"]
[Annotator "NA"]
[PlyCount "77"]
[EventDate "2019.08.02"]
[EventType "swiss"]
[EventCountry "UAE"]
[SourceTitle "playchess.com"]
[Source "ChessBase"]
[SourceQuality "1"]
[TimeControl "5400+30"]

1. d4 Nf6 2. c4 e6 3. Nf3 d5 4. Nc3 Bb4 5. Qa4+ Nc6 6. e3 O-O 7. Bd2 dxc4 8. Bxc4 a6 9. O-O Bd6 10. Qc2 e5 11. dxe5 Nxe5 12. Nxe5 Bxe5 13. f4 Bd6 14. Be2 Re8 15. Kh1 Bg4 16. Rae1 Bc5 17. e4 Bxe2 18. Rxe2 Bb6 19. e5 Nd5 20. Ne4 f6 21. exf6 Nxf6 22. Qc4+ Kh8 23. Bc3 Qd5 24. Qxd5 Nxd5 25. Be5 Ne3 26. Rfe1 Ng4 27. h3 Nxe5 28. Nc3 Bf2 29. Rxf2 Nd3 30. Rxe8+ Rxe8 31. Rf1 b5 32. b3 c5 33. Kh2 h6 34. f5 b4 35. Nd5 Re2 36. Rd1 Nf2 37. Rc1 Ne4 38. Rc4 Kh7 39. Nf4 1/2-1/2

[Event "26th Abu Dhabi Master 2019"]
[Site "Abu Dhabi"]
[Date "2019.08.03"]
[Round "3.66"]
[White "Ayyad, Husain"]
[Black "Pranav Anand"]
[Result "0-1"]
[ECO "B34"]
[WhiteElo "2231"]
[BlackElo "2347"]
[Annotator "NA"]
[PlyCount "60"]
[EventDate "2019.08.02"]
[EventType "swiss"]
[EventCountry "UAE"]
[SourceTitle "playchess.com"]
[Source "ChessBase"]
[SourceQuality "1"]
[TimeControl "5400+30"]

1. e4 c5 2. Nf3 Nc6 3. d4 cxd4 4. Nxd4 Nf6 5. Nc3 e5 6. Nb3 Bb4 7. Bc4 O-O 8. O-O d6 9. Nd5 Nxd5 10. Bxd5 Be6 11. Be3 Rc8 12. a3 Ba5 13. Nxa5 Nxa5 14. b3 b6 15. Rc1 Rc7 16. Qd3 Re8 17. c4 Qc8 18. f4 Bxd5 19. cxd5 exf4 20. Bxf4 Nb7 21. b4 f6 22. Rxc7 Qxc7 23. Rc1 Qe7 24. Bg3 h5 25. Rc4 Nd8 26. Qc2 Nf7 27. Rc8 Qd7 28. Rc7 Qg4 29. Rxa7 h4 30. Bf2 Ng5 0-1

[Event "26th Abu Dhabi Master 2019"]
[Site "Abu Dhabi"]
[Date "2019.08.03"]
[Round "3.67"]
[White "Srihari L R"]
[Black "Krishnater Kushager"]
[Result "0-1"]
[ECO "E71"]
[WhiteElo "2227"]
[BlackElo "2324"]
[Annotator "NA"]
[PlyCount "108"]
[EventDate "2019.08.02"]
[EventType "swiss"]
[EventCountry "UAE"]
[SourceTitle "playchess.com"]
[Source "ChessBase"]
[SourceQuality "1"]
[TimeControl "5400+30"]

1. d4 Nf6 2. c4 g6 3. Nc3 Bg7 4. e4 d6 5. h3 O-O 6. Bg5 c6 7. Qd2 e5 8. d5 Na6 9. Bd3 Nc5 10. Bc2 cxd5 11. cxd5 a5 12. Nge2 Bd7 13. O-O b5 14. Ng3 Qb6 15. Nce2 b4 16. Kh1 a4 17. f4 b3 18. axb3 axb3 19. Rxa8 Rxa8 20. Bb1 Bb5 21. fxe5 dxe5 22. d6 Rd8 23. Rd1 Bxe2 24. Nxe2 Bf8 25. Nc3 Rxd6 26. Qe1 Ncd7 27. Bd3 Nc5 28. Bb1 Qc6 29. Bxf6 Rxd1 30. Qxd1 Qxf6 31. Bd3 Nxd3 32. Qxd3 Bc5 33. Ne2 Qf1+ 34. Kh2 Bg1+ 35. Kh1 Bd4+ 36. Kh2 Bxb2 37. Qd8+ Kg7 38. Ng3 Qf4 39. Qd3 Bd4 40. Qxb3 Bf2 41. Qf3 Bxg3+ 42. Qxg3 g5 43. h4 g4 44. Qxf4 exf4 45. g3 f3 46. Kg1 Kf6 47. Kf2 h5 48. e5+ Kxe5 49. Ke3 f5 50. Kf2 Ke4 51. Ke1 Ke3 52. Kf1 f2 53. Kg2 Ke2 54. Kh2 f4 0-1

[Event "26th Abu Dhabi Master 2019"]
[Site "Abu Dhabi"]
[Date "2019.08.03"]
[Round "3.68"]
[White "Adnan, Habib"]
[Black "Gajwa Ankit"]
[Result "1/2-1/2"]
[ECO "E61"]
[WhiteElo "2197"]
[BlackElo "2302"]
[Annotator "NA"]
[PlyCount "92"]
[EventDate "2019.08.02"]
[EventType "swiss"]
[EventCountry "UAE"]
[SourceTitle "playchess.com"]
[Source "ChessBase"]
[SourceQuality "1"]
[TimeControl "5400+30"]

1. d4 Nf6 2. c4 g6 3. Nc3 Bg7 4. Nf3 O-O 5. Bg5 c5 6. e3 cxd4 7. exd4 d5 8. Bxf6 Bxf6 9. Nxd5 Bg7 10. Nc3 Bg4 11. Be2 Nc6 12. d5 Bxf3 13. Bxf3 Na5 14. Be2 Rc8 15. O-O Nxc4 16. Bxc4 Rxc4 17. Qb3 Qc8 18. Rac1 Rd8 19. Rfd1 Rd7 20. h3 Rdc7 21. Rd3 Qf5 22. Rcd1 a6 23. d6 exd6 24. Nd5 Be5 25. Qxc4 Rxc4 26. Ne7+ Kf8 27. Nxf5 gxf5 28. R3d2 h5 29. Kf1 Ke7 30. Ke2 b5 31. b3 Rc3 32. Rd3 Rc2+ 33. R1d2 Rc1 34. Rd5 Ke6 35. Rd1 Rc2+ 36. R5d2 Rc3 37. Rd3 Rc2+ 38. R1d2 Rc1 39. Rd5 Bf4 40. Rd1 Rc2+ 41. Kf3 Be5 42. R1d2 Rc3+ 43. R5d3 Rc1 44. g3 h4 45. gxh4 Rc8 46. Re2 Rh8 {[%emt 0:00:56] Ke4} 1/2-1/2

[Event "26th Abu Dhabi Master 2019"]
[Site "Abu Dhabi"]
[Date "2019.08.03"]
[Round "3.69"]
[White "Samant Aditya S"]
[Black "Soham Datar"]
[Result "1-0"]
[ECO "B90"]
[WhiteElo "2296"]
[BlackElo "2129"]
[Annotator "NA"]
[PlyCount "111"]
[EventDate "2019.08.02"]
[EventType "swiss"]
[EventCountry "UAE"]
[SourceTitle "playchess.com"]
[Source "ChessBase"]
[SourceQuality "1"]
[TimeControl "5400+30"]

1. e4 c5 2. Nf3 d6 3. d4 cxd4 4. Nxd4 Nf6 5. Nc3 a6 6. h3 e5 7. Nde2 h5 8. Bg5 Be6 9. Bxf6 Qxf6 10. Nd5 Qd8 11. Qd3 g6 12. O-O-O Nd7 13. Kb1 Rc8 14. Nec3 Nc5 15. Qf3 Bg7 16. Ne3 b5 17. Ncd5 O-O 18. h4 f5 19. exf5 gxf5 20. Qxh5 Ne4 21. Bd3 Nf6 22. Qg6 Bxd5 23. Nxd5 Nxd5 24. Bxf5 Rxf5 25. Qxf5 Nc7 26. Rxd6 Qxd6 27. Qxc8+ Kh7 28. Qb7 Nd5 29. h5 Kh6 30. g4 Bf6 31. Qc8 Ne7 32. Qf8+ Kg5 33. h6 Qc6 34. Rh5+ Kxg4 35. Rh2 Qf3 36. a3 Qd1+ 37. Ka2 Kf5 38. h7 Qd5+ 39. b3 Qd2 40. Qxf6+ Kxf6 41. h8=Q+ Kf5 42. Qh5+ Qg5 43. Qxg5+ Kxg5 44. Rh7 Nd5 45. Kb2 Kg4 46. c4 bxc4 47. bxc4 Nf4 48. Kc3 Kf3 49. Re7 Ke4 50. f3+ Kf5 51. Rf7+ Ke6 52. Ra7 Ne2+ 53. Kd2 Nd4 54. Rxa6+ Kf5 55. Ke3 Nc2+ 56. Kf2 1-0

[Event "26th Abu Dhabi Master 2019"]
[Site "Abu Dhabi"]
[Date "2019.08.03"]
[Round "3.70"]
[White "Alinasab, Mobina"]
[Black "Krzywda, Andrzej"]
[Result "1-0"]
[ECO "B10"]
[WhiteElo "2280"]
[BlackElo "2190"]
[Annotator "ChessBase"]
[PlyCount "146"]
[EventDate "2019.08.02"]
[EventType "swiss"]
[EventCountry "UAE"]
[SourceTitle "playchess.com"]
[Source "ChessBase"]
[SourceQuality "1"]
[TimeControl "5400+30"]

1. e4 c6 2. Nc3 d5 3. Nf3 Nf6 4. e5 Ne4 5. Ne2 Qb6 6. d4 e6 7. Ng3 c5 8. Bd3 Nxg3 9. fxg3 Nc6 10. O-O Be7 11. Kh1 cxd4 12. a3 Bd7 13. Qe2 O-O-O 14. b4 f6 15. Bf4 f5 16. Bd2 Kb8 17. Rfb1 Rc8 18. Qe1 Nd8 19. b5 Qc7 20. a4 b6 21. a5 Bc5 22. axb6 Bxb6 23. Ra4 Nb7 24. Bb4 Nc5 25. Bxc5 Qxc5 26. Nxd4 h5 27. Nf3 Rc7 28. c4 Bc8 29. cxd5 Qxd5 30. Qe2 Rd8 31. Ra3 Bb7 32. h3 Rdc8 33. Rd1 Rc1 34. Ra1 Rxa1 35. Rxa1 Rc3 36. Rd1 Qc5 37. Kh2 Bd5 38. h4 Rc1 39. Rxc1 Qxc1 40. Qf1 Qe3 41. Bc4 Qc5 42. Bxd5 Qxd5 43. Qe2 Bc5 44. Qc2 g6 45. Qc1 Kb7 46. Qh6 Kb6 47. Qxg6 Kxb5 48. Qxh5 a5 49. Qe8+ Kb4 50. h5 Be3 51. Qb8+ Kc3 52. Qb1 Bh6 53. Qa1+ Kb4 54. Qb2+ Qb3 55. Qd4+ Ka3 56. Qa1+ Kb4 57. Qd4+ Ka3 58. Nd2 Bxd2 59. Qxd2 a4 60. h6 Qb7 61. Qc3+ Ka2 62. Qc4+ Ka3 63. Qxe6 Kb2 64. Qxf5 a3 65. h7 Qg7 66. Qh5 Qh8 67. Qe2+ Kb1 68. Qd1+ Kb2 69. Qd2+ Kb1 70. Qb4+ Ka2 71. Qc4+ Kb1 72. Qg8 Qxe5 73. h8=Q Qe2 1-0

[Event "26th Abu Dhabi Master 2019"]
[Site "Abu Dhabi"]
[Date "2019.08.03"]
[Round "3.71"]
[White "Salih, Akar Ali Salih"]
[Black "Mohamed, Faisal"]
[Result "1-0"]
[ECO "B35"]
[WhiteElo "2261"]
[BlackElo "2150"]
[Annotator "NA"]
[PlyCount "99"]
[EventDate "2019.08.02"]
[EventType "swiss"]
[EventCountry "UAE"]
[SourceTitle "playchess.com"]
[Source "ChessBase"]
[SourceQuality "1"]
[TimeControl "5400+30"]

1. e4 c5 2. Nf3 g6 3. d4 cxd4 4. Nxd4 Nc6 5. Nc3 Bg7 6. Be3 Nf6 7. Bc4 O-O 8. Qd2 Nxe4 9. Bxf7+ Rxf7 10. Nxe4 Rf8 11. c4 Ne5 12. b3 Ng4 13. Nc3 Nxe3 14. Qxe3 Qb6 15. Rd1 e5 16. Ndb5 Qxe3+ 17. fxe3 b6 18. Nd6 Ba6 19. Nd5 Rab8 20. Rf1 Rxf1+ 21. Kxf1 Bb7 22. Ke2 Bxd5 23. Rxd5 Kf8 24. Nb5 Ke7 25. a4 a5 26. Nc3 Ke6 27. Rb5 Bf8 28. Ne4 d6 29. g4 Be7 30. h3 Kd7 31. Nc3 Kc6 32. Nd5 Bh4 33. b4 axb4 34. Nxb4+ Kd7 35. Nd5 Bd8 36. a5 Kc6 37. Kd3 Rb7 38. a6 Ra7 39. Ke4 Ra8 40. Nb4+ Kc7 41. Kd5 Bh4 42. Ke6 Bd8 43. Rd5 Bg5 44. Rxd6 Re8+ 45. Kd5 Bxe3 46. Rf6 Bc5 47. Nc6 Kd7 48. Rf7+ Be7 49. Nxe7 Ra8 50. Nxg6+ 1-0

[Event "26th Abu Dhabi Master 2019"]
[Site "Abu Dhabi"]
[Date "2019.08.03"]
[Round "3.72"]
[White "Priyanka Nutakki"]
[Black "Chitlange Sakshi"]
[Result "0-1"]
[ECO "A13"]
[WhiteElo "2293"]
[BlackElo "2168"]
[Annotator "NA"]
[PlyCount "80"]
[EventDate "2019.08.02"]
[EventType "swiss"]
[EventCountry "UAE"]
[SourceTitle "playchess.com"]
[Source "ChessBase"]
[SourceQuality "1"]
[TimeControl "5400+30"]

1. c4 e6 2. Nf3 d5 3. e3 Nf6 4. b3 b6 5. Bb2 Bb7 6. Qc2 Bd6 7. d4 Nbd7 8. Bd3 O-O 9. Nbd2 c5 10. O-O cxd4 11. exd4 Rc8 12. Rad1 Qc7 13. Rfe1 Qb8 14. Ne5 Rfd8 15. Ndf3 h6 16. Qe2 Ne4 17. Nxd7 Rxd7 18. Ne5 Re7 19. f3 Nf6 20. Rc1 dxc4 21. bxc4 Nd7 22. f4 Nf8 23. g3 Ba8 24. Qh5 Nd7 25. Nxd7 Rxd7 26. d5 Qc7 27. Qg4 Qc5+ 28. Kf1 Bf8 29. f5 h5 30. Qg5 f6 31. Bxf6 exd5 32. Be5 d4 33. Qxh5 Qa3 34. Qe2 Re8 35. Qc2 Bb4 36. f6 gxf6 37. Bxf6 Bxe1 38. Qd1 Rf7 39. Qg4+ Kf8 40. Qg6 Qxc1 0-1

[Event "26th Abu Dhabi Master 2019"]
[Site "Abu Dhabi"]
[Date "2019.08.03"]
[Round "3.73"]
[White "Paramzina, Anastasya"]
[Black "Thrish Karthik"]
[Result "1-0"]
[ECO "C41"]
[WhiteElo "2300"]
[BlackElo "2075"]
[Annotator "ChessBase"]
[PlyCount "127"]
[EventDate "2019.08.02"]
[EventType "swiss"]
[EventCountry "UAE"]
[SourceTitle "playchess.com"]
[Source "ChessBase"]
[SourceQuality "1"]
[TimeControl "5400+30"]

1. e4 e5 2. Nf3 d6 3. Bc4 Be7 4. O-O Nf6 5. d3 O-O 6. Re1 c6 7. Bb3 Bg4 8. h3 Bh5 9. Nbd2 Nbd7 10. c3 d5 11. Bc2 Qc7 12. Nf1 Rad8 13. Ng3 Bg6 14. Nh4 Rfe8 15. Nxg6 hxg6 16. Qe2 Nf8 17. Nf1 Ne6 18. g3 Bd6 19. Nh2 dxe4 20. dxe4 Bc5 21. Ng4 Nh5 22. b4 Bb6 23. Ne3 Qc8 24. h4 Qc7 25. Qf3 a6 26. Nc4 Ba7 27. a3 b5 28. Ne3 Qe7 29. a4 Bb6 30. Ng4 Qc7 31. Bb3 Qb8 32. a5 Ba7 33. Be3 Bxe3 34. Qxe3 Qc7 35. Rad1 Rxd1 36. Rxd1 Nf6 37. Nxf6+ gxf6 38. h5 Kg7 39. hxg6 fxg6 40. Qb6 Qc8 41. Qa7+ Kh6 42. Qd7 Qxd7 43. Rxd7 Ng5 44. Rc7 Nxe4 45. Rxc6 Kg5 46. Bd5 Nd2 47. Rxa6 Rd8 48. Bb7 e4 49. f4+ Kf5 50. Kf2 Nf3 51. g4+ Kxg4 52. Bxe4 Nd2 53. Bxg6 f5 54. Ke2 Ne4 55. Ke3 Rc8 56. Kd4 Rc4+ 57. Ke5 Nxc3 58. Bxf5+ Kf3 59. Rh6 Na2 60. a6 Rc7 61. Rh7 Rxh7 62. Bxh7 Nxb4 63. Be4+ Kg4 64. a7 1-0

[Event "26th Abu Dhabi Master 2019"]
[Site "Abu Dhabi"]
[Date "2019.08.03"]
[Round "3.74"]
[White "Wang, Shanshan"]
[Black "Bartel, Marta"]
[Result "1/2-1/2"]
[ECO "B06"]
[WhiteElo "2122"]
[BlackElo "2260"]
[Annotator "NA"]
[PlyCount "72"]
[EventDate "2019.08.02"]
[EventType "swiss"]
[EventCountry "UAE"]
[SourceTitle "playchess.com"]
[Source "ChessBase"]
[SourceQuality "1"]
[TimeControl "5400+30"]

1. e4 d6 2. d4 g6 3. Nc3 Bg7 4. Nf3 c6 5. a4 Nf6 6. Bc4 O-O 7. Bb3 a5 8. O-O Na6 9. h3 Nc7 10. Re1 d5 11. e5 Nfe8 12. Nh2 b5 13. f4 b4 14. Ne2 f5 15. Be3 Ne6 16. Qd2 Qb6 17. Nc1 N8c7 18. Nf3 Ba6 19. Nd3 Qb8 20. Kf2 Bh6 21. g3 Qa7 22. Kg2 Rad8 23. Rad1 Kh8 24. Qf2 Qa8 25. Kh2 Bc4 26. h4 Bg7 27. Ng5 Bxd3 28. cxd3 Nxg5 29. hxg5 Ne6 30. Rh1 Kg8 31. Kg1 Qa7 32. Rc1 Qb6 33. Kf1 Rfe8 34. Ke2 Nf8 35. Kf3 Rc8 36. Rc5 e6 1/2-1/2

[Event "26th Abu Dhabi Master 2019"]
[Site "Abu Dhabi"]
[Date "2019.08.03"]
[Round "3.75"]
[White "Davainis, Marius"]
[Black "Aakanksha Hagawane"]
[Result "1/2-1/2"]
[ECO "A37"]
[WhiteElo "2105"]
[BlackElo "2246"]
[Annotator "NA"]
[PlyCount "110"]
[EventDate "2019.08.02"]
[EventType "swiss"]
[EventCountry "UAE"]
[SourceTitle "playchess.com"]
[Source "ChessBase"]
[SourceQuality "1"]
[TimeControl "5400+30"]

1. Nf3 c5 2. c4 Nc6 3. Nc3 g6 4. g3 Bg7 5. Bg2 d6 6. O-O Nf6 7. d3 O-O 8. Bg5 h6 9. Bd2 Bf5 10. e4 Bg4 11. h3 Bxf3 12. Bxf3 Nd4 13. Bg2 Nd7 14. Be3 a6 15. Qd2 Kh7 16. Kh2 Rb8 17. f4 b5 18. cxb5 axb5 19. Ne2 Nxe2 20. Qxe2 Ra8 21. Rfd1 Ra4 22. b3 Ra3 23. d4 Qb8 24. Rac1 Rc8 25. Rc2 c4 26. Bc1 Ra7 27. bxc4 bxc4 28. Rxc4 Qb5 29. Rc2 Qxe2 30. Rxe2 Bxd4 31. Rxd4 Rxc1 32. Rdd2 f6 33. Rc2 Ra1 34. h4 Kg7 35. Bh3 Nc5 36. e5 fxe5 37. fxe5 Nd3 38. exd6 exd6 39. Be6 Ne5 40. Kg2 Rd1 41. Rcd2 Rxd2 42. Rxd2 Ra6 43. Bc8 Rc6 44. Bb7 Rb6 45. Bd5 Ra6 46. Rd4 Kf6 47. Rf4+ Ke7 48. Bb3 Ra5 49. Ra4 Rxa4 50. Bxa4 d5 51. Kf2 d4 52. Ke2 Kd6 53. Bb3 Kc5 54. a3 Kb5 55. Kd2 Kc5 1/2-1/2

[Event "26th Abu Dhabi Master 2019"]
[Site "Abu Dhabi"]
[Date "2019.08.04"]
[Round "4.1"]
[White "Maghsoodloo, Parham"]
[Black "Petrosyan, Manuel"]
[Result "1/2-1/2"]
[ECO "C50"]
[WhiteElo "2656"]
[BlackElo "2592"]
[Annotator "ChessBase"]
[PlyCount "109"]
[EventDate "2019.08.02"]
[EventType "swiss"]
[EventCountry "UAE"]
[SourceTitle "playchess.com"]
[Source "ChessBase"]
[SourceQuality "1"]
[TimeControl "5400+30"]

1. e4 e5 2. Nf3 Nc6 3. Bc4 Nf6 4. d3 Bc5 5. c3 d6 6. Nbd2 O-O 7. h3 a6 8. a4 a5 9. O-O h6 10. Re1 Be6 11. b3 Ba7 12. Bb2 Ne7 13. Nf1 Ng6 14. Ng3 Qd7 15. d4 Bxc4 16. bxc4 Rfe8 17. Qb3 Qc6 18. Qb5 Nd7 19. Nh5 Ngf8 20. Nd2 Qb6 21. Ng3 g6 22. Reb1 c6 23. Qxb6 Bxb6 24. Nf3 c5 25. dxe5 dxe5 26. Bc1 Kg7 27. Nf1 Rab8 28. Ne3 Bd8 29. Ne1 Bg5 30. Nd5 Bxc1 31. Rxc1 f5 32. Nc2 Nh7 33. Rab1 Nhf6 34. exf5 gxf5 35. Nce3 f4 36. Nf5+ Kg6 37. Nd6 Re6 38. Nxb7 Nxd5 39. cxd5 Rb6 40. Rxb6+ Nxb6 41. Nxc5 Rc8 42. Nb3 Nxa4 43. c4 Nb6 44. c5 Nxd5 45. Nxa5 Kf6 46. c6 Ke6 47. Rc5 Ne7 48. c7 Nd5 49. Rc6+ Kf5 50. Rd6 Nf6 51. Nc4 Rxc7 52. g4+ fxg3 53. Ne3+ Kg5 54. fxg3 Ne4 55. Re6 1/2-1/2

[Event "26th Abu Dhabi Master 2019"]
[Site "Abu Dhabi"]
[Date "2019.08.04"]
[Round "4.2"]
[White "Jobava, Baadur"]
[Black "Indjic, Aleksandar"]
[Result "1-0"]
[ECO "B34"]
[WhiteElo "2594"]
[BlackElo "2604"]
[Annotator "ChessBase"]
[PlyCount "89"]
[EventDate "2019.08.02"]
[EventType "swiss"]
[EventCountry "UAE"]
[SourceTitle "playchess.com"]
[Source "ChessBase"]
[SourceQuality "1"]
[TimeControl "5400+30"]

1. e4 c5 2. Nc3 Nc6 3. Nge2 g6 4. d4 cxd4 5. Nxd4 Bg7 6. Nb3 Nf6 7. Be2 d6 8. O-O O-O 9. Re1 b6 10. Bg5 Bb7 11. Qd2 Rc8 12. Bh6 Ne5 13. Bxg7 Kxg7 14. Qd4 Nc6 15. Qe3 e6 16. Rad1 Qe7 17. Qc1 Rfd8 18. Rd3 Ba6 19. Rh3 Bxe2 20. Rxe2 h5 21. f4 Ng4 22. Rf3 a6 23. h3 Nf6 24. Qe1 b5 25. Kh1 Rc7 26. Qf2 Re8 27. a3 Rh8 28. Rd3 h4 29. Red2 a5 30. Qe3 a4 31. Nd4 Na5 32. b3 axb3 33. cxb3 Rb7 34. Ncxb5 e5 35. fxe5 dxe5 36. Nf5+ gxf5 37. Qg5+ Kf8 38. Rd8+ Ne8 39. Rxe8+ Qxe8 40. Qf6 Rg8 41. Rd8 Rxb5 42. Qh6+ Rg7 43. Qd6+ Kg8 44. Rxe8+ Kh7 45. Qd7 1-0

[Event "26th Abu Dhabi Master 2019"]
[Site "Abu Dhabi"]
[Date "2019.08.04"]
[Round "4.3"]
[White "Aleksandrov, Aleksej"]
[Black "Abdusattorov, Nodirbek"]
[Result "1/2-1/2"]
[ECO "E54"]
[WhiteElo "2571"]
[BlackElo "2598"]
[Annotator "ChessBase"]
[PlyCount "51"]
[EventDate "2019.08.02"]
[EventType "swiss"]
[EventCountry "UAE"]
[SourceTitle "playchess.com"]
[Source "ChessBase"]
[SourceQuality "1"]
[TimeControl "5400+30"]

1. d4 Nf6 2. c4 e6 3. Nc3 Bb4 4. e3 O-O 5. Bd3 d5 6. Nf3 c5 7. O-O dxc4 8. Bxc4 b6 9. dxc5 Qxd1 10. Rxd1 Bxc5 11. b3 Bb7 12. Bb2 Nbd7 13. Rac1 Rfc8 14. Bb5 Nf8 15. Be2 Be7 16. Nd2 Nd5 17. Nxd5 Bxd5 18. Bf3 Bxf3 19. Nxf3 f6 20. Kf1 e5 21. Ke2 Kf7 22. Nd2 Ke6 23. g4 Nd7 24. Ne4 Rxc1 25. Rxc1 Nc5 26. Nxc5+ 1/2-1/2

[Event "26th Abu Dhabi Master 2019"]
[Site "Abu Dhabi"]
[Date "2019.08.04"]
[Round "4.4"]
[White "Antipov, Mikhail Al."]
[Black "Ni, Hua"]
[Result "0-1"]
[ECO "C65"]
[WhiteElo "2582"]
[BlackElo "2668"]
[Annotator "ChessBase"]
[PlyCount "80"]
[EventDate "2019.08.02"]
[EventType "swiss"]
[EventCountry "UAE"]
[SourceTitle "playchess.com"]
[Source "ChessBase"]
[SourceQuality "1"]
[TimeControl "5400+30"]

1. e4 e5 2. Nf3 Nc6 3. Bb5 Nf6 4. d3 Bc5 5. Nbd2 d6 6. c3 O-O 7. O-O Bb6 8. h3 Ne7 9. Nc4 c6 10. Nxb6 axb6 11. Bc4 Ng6 12. Bb3 Re8 13. a4 h6 14. Re1 Be6 15. Bxe6 Rxe6 16. Be3 d5 17. Nh2 Rd6 18. Qf3 c5 19. Ng4 Nh4 20. Qg3 Nxg4 21. hxg4 Ng6 22. d4 dxe4 23. dxe5 Rd3 24. e6 f6 25. Qh2 Kh7 26. Qh5 Rd5 27. g5 Qe7 28. f4 Qxe6 29. c4 Rf5 30. Qh2 fxg5 31. fxg5 Qe5 32. gxh6 Qxh2+ 33. Kxh2 gxh6 34. Rad1 Ne5 35. Rd6 Rh5+ 36. Kg1 Rg8 37. Rc1 Nf3+ 38. Kf2 Rh2 39. Rxb6 Rgxg2+ 40. Kf1 Nd2+ 0-1

[Event "26th Abu Dhabi Master 2019"]
[Site "Abu Dhabi"]
[Date "2019.08.04"]
[Round "4.6"]
[White "Can, Emre"]
[Black "Volokitin, Andrei"]
[Result "0-1"]
[ECO "D37"]
[WhiteElo "2595"]
[BlackElo "2636"]
[Annotator "ChessBase"]
[PlyCount "32"]
[EventDate "2019.08.02"]
[EventType "swiss"]
[EventCountry "UAE"]
[SourceTitle "playchess.com"]
[Source "ChessBase"]
[SourceQuality "1"]
[TimeControl "5400+30"]

1. d4 Nf6 2. c4 e6 3. Nf3 d5 4. Nc3 dxc4 5. Qa4+ c6 6. Qxc4 b5 7. Qd3 Bb7 8. e4 b4 9. Na4 Nbd7 10. Be3 Qa5 11. b3 Be7 12. Nd2 O-O 13. Rc1 c5 14. dxc5 Bc6 15. Qa6 Qc7 16. Be2 Rab8 0-1

[Event "26th Abu Dhabi Master 2019"]
[Site "Abu Dhabi"]
[Date "2019.08.04"]
[Round "4.7"]
[White "Yilmaz, Mustafa"]
[Black "Santos Latasa, Jaime"]
[Result "1/2-1/2"]
[ECO "D38"]
[WhiteElo "2618"]
[BlackElo "2594"]
[Annotator "ChessBase"]
[PlyCount "50"]
[EventDate "2019.08.02"]
[EventType "swiss"]
[EventCountry "UAE"]
[SourceTitle "playchess.com"]
[Source "ChessBase"]
[SourceQuality "1"]
[TimeControl "5400+30"]

1. d4 Nf6 2. c4 e6 3. Nf3 d5 4. Nc3 Bb4 5. cxd5 exd5 6. Bg5 h6 7. Bh4 Nbd7 8. Qc2 g5 9. Bg3 Ne4 10. Nd2 Nxg3 11. hxg3 Nb6 12. a3 Bf8 13. e4 dxe4 14. O-O-O Bg7 15. Ndxe4 O-O 16. f4 gxf4 17. gxf4 Re8 18. g4 Bxg4 19. Rd2 Nd5 20. Rg1 Nxc3 21. bxc3 h5 22. Bc4 b5 23. Ba2 Qe7 24. Ng5 Qxa3+ 25. Kb1 Re7 1/2-1/2